 Dungeon Crawl Stone Soup version 0.27.1-15-g792fb953b9 (webtiles) character file.

Game seed: 5977913960516279184

1106 zeram the Covert (level 8, -4/36 HPs)
             Began as a Spriggan Enchanter on Nov 20, 2021.
             Killed by divine providence
             ... invoked by an orc priest
              (14 damage)
             ... on level 4 of the Dungeon.
             The game lasted 00:11:08 (5040 turns).

zeram the Covert (Spriggan Enchanter)               Turns: 5040, Time: 00:11:08

Health: -4/36      AC:  3    Str:  4    XL:     8   Next: 11%
Magic:  16/16      EV: 19    Int: 18    God:
Gold:   65         SH:  0    Dex: 16    Spells: 10/16 levels left

rFire    . . .     SeeInvis +   a - +2 dagger (freeze)
rCold    . . .     Faith    .   (shield restricted)
rNeg     . . .     Spirit   .   b - +0 robe
rPois    .         Reflect  .   (helmet restricted)
rElec    .         Harm     .   c - +0 cloak
rCorr    .         Rampage  .   (gloves unavailable)
Will     +....                  (boots unavailable)
Stlth    +++++.....             (no amulet)
HPRegen  0.12/turn              (no ring)
MPRegen  0.15/turn              (no ring)

@: very quick
A: very small, no large weapons, unfitting armour, see invisible, speed 3
a: no special abilities


You were on level 4 of the Dungeon.
You visited 1 branch of the dungeon, and saw 4 of its levels.

You collected 65 gold pieces.

Inventory:

Hand Weapons
 a - a +2 dagger of freezing (weapon)
 i - a +2 dagger of protection
Armour
 b - a +0 robe (worn)
 c - a +0 cloak (worn)
Magical Staves
 e - a staff of conjuration
Jewellery
 k - a ring of protection from cold
Scrolls
 h - a scroll of magic mapping
Potions
 f - a potion of mutation
 g - a potion of flight {unknown}
 j - a potion of resistance {unknown}


   Skills:
 + Level 5.3 Short Blades
 + Level 5.3 Dodging
 + Level 11.0 Stealth
 + Level 4.7 Spellcasting
 - Level 3.6 Hexes
 - Level 0.1 Ice Magic


You had 10 spell levels left.
You knew the following spells:

 Your Spells              Type           Power      Damage    Failure   Level
a - Corona                Hex            18%        N/A       3%          1
b - Ensorcelled Hibernat  Hex/Ice        20%        N/A       10%         2
c - Tukima's Dance        Hex            17%        N/A       10%         3

Your spell library contained the following spells:

 Spells                   Type           Power      Damage    Failure   Level
 Confusing Touch          Hex            17%        N/A       10%         3
 Freeze                   Ice            16%        1d4       13%         1
 Dazzling Flash           Conj/Hex       20%        N/A       19%         3
 Frozen Ramparts          Ice            8%         1d2       36%         3
 Hailstorm                Conj/Ice       4%         3d4       80%         4


Dungeon Overview and Level Annotations

Branches:
Dungeon (4/15)
 Temple: D:4-7

Altars:
Cheibriados
Kikubaaqudgha
Makhleb
Sif Muna
Xom
Zin
Beogh

Shops:
D:1 ?

Annotations:
D:4 zeram's ghost, amateur OpBr


Innate Abilities, Weirdness & Mutations

You are very small and have problems with some larger weapons.
You are too small for most types of armour.
You have supernaturally acute eyesight. (SInv)
You cover ground extremely quickly. (Speed+++)


Message History

Confirm with . or Enter, or press ? or * to list all spells.
Aiming: Ensorcelled Hibernation (safe; 10% risk of failure)
Press: ? - help, Shift-Dir - straight line, f/p - orc
Aim: an orc, wielding a +0 dagger and wearing a +3 leather armour (chance to affect: 59%)
The orc looks drowsy...
The orc misses you.
The helpless orc fails to defend itself.
You stick the orc like a pincushion!!! You freeze the orc.
You kill the orc!
The orc hits you with a +0 hand axe. The orc misses you. x2
Casting: Ensorcelled Hibernation (safe; 10% risk of failure)
Confirm with . or Enter, or press ? or * to list all spells.
Aiming: Ensorcelled Hibernation (safe; 10% risk of failure)
Press: ? - help, Shift-Dir - straight line, f - orc priest
Aim: an orc priest, wielding a +0 hand axe (chance to affect: 41%)
The orc priest resists with some effort.
The orc hits you with a +0 hand axe. The orc barely misses you.
The orc hits you with a +8 whip. The orc priest barely misses you.
Casting: Ensorcelled Hibernation (safe; 10% risk of failure)
Confirm with . or Enter, or press ? or * to list all spells.
Aiming: Ensorcelled Hibernation (safe; 10% risk of failure)
Press: ? - help, Shift-Dir - straight line, f/p - orc priest
Aim: an orc priest, wielding a +0 hand axe (chance to affect: 41%)
The orc priest resists with some effort.
The orc hits you with a +0 short sword. The orc completely misses you.
The orc misses you. The orc closely misses you.
Casting: Ensorcelled Hibernation (safe; 10% risk of failure)
Confirm with . or Enter, or press ? or * to list all spells.
Aiming: Ensorcelled Hibernation (safe; 10% risk of failure)
Press: ? - help, Shift-Dir - straight line, f/p - orc priest
Aim: an orc priest, wielding a +0 hand axe (chance to affect: 41%)
The orc priest resists with some effort.
The orc barely misses you. The orc closely misses you.
The orc hits you from afar with a +0 trident!
* * * LOW HITPOINT WARNING * * *
The orc misses you.
Okay, then.
Magic courses through your body.
The orc priest mumbles some strange prayers to Beogh against you.
Beogh smites you!
You die...

.....<..###############
####.#.##8....[_[)...8#
####...##.............#
#A###..##.#8#..8..#8#.#
######..#.###.....###?#
._.######....#####o/.)#
...#....#......oW.....#
...+...#######'oo#######
)...)...8.....oo@o....8#
._..##.#....##.o###.####
###.#.......##.## #.#
#2######....#..####.#
###### #......P.P##.#
####.###....#....##.#
#............P....#.####
..###........P8....<...#
### ###.#######..<.....#


You could see an orc priest, zeram's ghost and 7 orcs.

Vanquished Creatures
  3 necrophages (D:4)
  An ogre (D:4)
  A water moccasin zombie (D:4)
  4 water moccasin skeletons (D:4)
  3 wights (D:4)
  A bullfrog zombie (D:4)
  A human zombie (D:4)
  A jelly (D:4)
  An iguana (D:4)
  2 scorpion zombies (D:4)
  Natasha (thrice) (D:2)
  3 hound zombies (D:4)
  Robin (D:3)
  2 adders
  2 adder zombies (D:4)
  A worm (D:2)
  2 dart slugs
  4 orcs (D:4)
  5 endoplasms
  3 giant cockroaches
  15 goblins
  10 hobgoblins
  5 quokkas
  5 ball pythons
  3 bats
  5 frilled lizards
  3 kobolds (D:4)
  5 rats
95 creatures vanquished.

Vanquished Creatures (others)
  6 withered plants (D:4)
6 creatures vanquished.

Grand Total: 101 creatures vanquished

Notes
Turn   | Place    | Note
-------+----------+-------------------------------------------
     0 | D:1      | zeram the Spriggan Enchanter began the quest for the Orb.
     0 | D:1      | Reached XP level 1. HP: 9/9 MP: 5/5
   126 | D:1      | Reached skill level 5 in Stealth
   153 | D:1      | Found a faded altar of an unknown god.
   168 | D:1      | Reached XP level 2. HP: 9/13 MP: 6/6
   318 | D:1      | Learned a level 2 spell: Ensorcelled Hibernation
   559 | D:1      | Found Jiv Juez's Magic Scroll Emporium.
  1171 | D:2      | Noticed Natasha
  1178 | D:2      | Killed Natasha
  1179 | D:2      | Reached skill level 6 in Stealth
  1179 | D:2      | Reached XP level 3. HP: 13/16 MP: 3/8
  1285 | D:2      | Learned a level 3 spell: Tukima's Dance
  1293 | D:2      | Noticed Natasha
  1298 | D:2      | Killed Natasha
  1299 | D:2      | Reached skill level 7 in Stealth
  1299 | D:2      | Reached XP level 4. HP: 21/21 MP: 6/9
  1598 | D:2      | Noticed Natasha
  1612 | D:2      | Killed Natasha
  2134 | D:3      | Noticed Robin
  2176 | D:4      | Reached XP level 5. HP: 24/24 MP: 3/11
  2180 | D:4      | Reached skill level 8 in Stealth
  2273 | D:3      | Killed Robin
  2934 | D:3      | Found a snail-covered altar of Cheibriados.
  2958 | D:3      | Found a shimmering blue altar of Sif Muna.
  3257 | D:4      | Found a runed translucent gate.
  3257 | D:4      | Found a runed translucent gate.
  3257 | D:4      | Found a runed translucent gate.
  3257 | D:4      | Noticed zeram's ghost (amateur OpBr)
  3257 | D:4      | Identified the +1 leather armour of Elyvilon's Whim {Int+9
                  | Dex-4}
  3494 | D:4      | Reached XP level 6. HP: 26/28 MP: 11/13
  3828 | D:4      | Reached skill level 9 in Stealth
  3913 | D:4      | Found a burning altar of Makhleb.
  3916 | D:4      | Found a glowing silver altar of Zin.
  3916 | D:4      | Noticed an angel
  3916 | D:4      | Noticed a balrug
  3931 | D:4      | Found a shimmering altar of Xom.
  4275 | D:4      | Reached XP level 7. HP: 32/32 MP: 14/14
  4319 | D:4      | Reached skill level 10 in Stealth
  4395 | D:4      | Reached skill level 5 in Dodging
  4409 | D:4      | Found an ancient bone altar of Kikubaaqudgha.
  4412 | D:4      | Reached skill level 5 in Short Blades
  4806 | D:4      | Reached XP level 8. HP: 36/36 MP: 6/16
  4876 | D:4      | Reached skill level 11 in Stealth
  5040 | D:4      | Killed from afar by an orc priest

Illustrated notes

Levels and vault maps discovered:
D:1:      tarquinn_simple_flora_water_e, layout_loops_cross, serial_shops,
          nicolae_shop_stone, basic_ecumenical_altar
D:2:      layout_rooms, minmay_pentomino_p2, uniq_natasha
D:3:      layout_basic, mainiacjoe_overflow_big_doors,
          small_statue_intersection, uniq_robin
D:4:      layout_rooms, grunt_temple_overflow_order_and_chaos_2,
          general_overflow_altar, lemuel_mausoleum_altar_kikubaaqudgha,
          biasface_ghost_orc_armoury, serial_undead, serial_undead_e,
          serial_undead_b, serial_undead_e, serial_undead_a

Skill      XL: |  1  2  3  4  5  6  7  8 |
---------------+-------------------------+-----
Stealth        | 5 6 7 8 9 10 11 | 11.0
Spellcasting   | 3 4 |  4.7
Dodging        | 3 4 5 |  5.3
Short Blades   | 2 4 5 |  5.3
Hexes          | |  3.6
Ice Magic      | |  0.1

Action                   |  1- 3 |  4- 6 |  7- 9 || total
-------------------------+-------+-------+-------++-------
Melee: Dagger            |    57 |   152 |    92 ||   301
 Cast: Ensorcelled Hiber |    11 |    27 |    14 ||    52
       Corona            |       |     2 |       ||     2
  Use: Scroll            |     1 |     6 |       ||     7
       Potion            |       |       |     1 ||     1
 Stab: Sleeping          |    18 |    35 |    11 ||    64
Armor: Robe              |     6 |    19 |     9 ||    34
Dodge: Dodged            |    36 |   132 |    66 ||   234
